 Dungeon Crawl Stone Soup version 0.18.1-50-g88ac8fd (webtiles) character file.

896 magog001 the Shield-Bearer (level 8, -12/69 HPs)
             Began as a Hill Orc Fighter on Sept 4, 2018.
             Mangled by an ogre
             ... wielding a +0 giant club
              (14 damage)
             ... on level 5 of the Dungeon on Sept 5, 2018.
             The game lasted 00:27:41 (5869 turns).

magog001 the Shield-Bearer (Hill Orc Fighter)       Turns: 5869, Time: 00:27:41

Health: -12/69     AC: 12    Str: 21    XL:     8   Next: 7%
Magic:  8/8        EV:  2    Int: 10    God:
Gold:   169        SH: 15    Dex: 10    Spells: 0 memorised, 7 levels left

rFire  . . .     SeeInvis .     a - +1 war axe
rCold  . . .     Gourm    .     h - +0 plate armour
rNeg   . . .     Faith    .     m - +0 large shield
rPois  .         Spirit   .     (no helmet)
rElec  .         Dismiss  .     (no cloak)
rCorr  .         Reflect  .     (no gloves)
SustAt .         Harm     .     (no boots)
MR     .....     Rnd*Rage +     (no amulet)
Stlth  ..........               (no ring)
                                (no ring)

@: not resistant to hostile enchantments, extremely unstealthy
A: berserk 1, clever 1, evolution 1
a: no special abilities


You were on level 5 of the Dungeon.
You were not hungry.

You visited 1 branch of the dungeon, and saw 5 of its levels.

You collected 169 gold pieces.

Inventory:

Hand Weapons
 a - a +1 war axe (weapon)
Missiles
 i - 20 poisoned needles
 t - 11 tomahawks (quivered)
Armour
 h - a +0 plate armour (worn)
 m - a +0 large shield (worn)
Wands
 l - a wand of flame (16/48)
 o - a wand of lightning (5/15)
Scrolls
 d - a scroll of blinking {unknown}
 e - a scroll of remove curse
 g - 3 scrolls of teleportation
 j - a scroll of fog
 k - 2 scrolls of recharging {unknown}
 n - 5 scrolls of identify
 r - a scroll of amnesia {unknown}
Potions
 p - 3 potions of curing
 q - a potion of berserk rage {unknown}
 s - a potion of cure mutation {unknown}
Comestibles
 c - 5 fruits
 f - 3 bread rations


   Skills:
 * Level 5.5 Fighting
 * Level 6.6 Axes
 * Level 5.2 Armour
 * Level 6.9 Shields
 + Level 0.2 Evocations


You had 7 spell levels left.
You didn't know any spells.

Dungeon Overview and Level Annotations

Branches:
Dungeon (5/15)
 Temple: D:4-7

Altars:
Gozag
Ru


Innate Abilities, Weirdness & Mutations

You tend to lose your temper in combat.
Your mind is acute. (Int +2)
You evolve.


Message History

You hit the ogre.
The ogre is moderately wounded.
You block the ogre's attack.
You completely miss the ogre.
The ogre is moderately wounded.
You block the ogre's attack.
You hit the ogre.
The ogre is moderately wounded.
The ogre barely misses you.
You slash the ogre!
The ogre is severely wounded.
The ogre hits you with a giant club.
You hit the ogre.
The ogre is severely wounded.
The ogre hits you with a giant club!!
* * * LOW HITPOINT WARNING * * *
You closely miss the ogre.
The ogre is severely wounded.
The ogre hits you with a giant club!
You die...

#..### ###### #.<# .
#..≈≈≈. #... #. ..≈...≈
#... .# ..≈._.≈ #..
#..# .#..≈...
##..###..#####.#..≈≈
...#....#......#######
..+....'.....@O......
#.###..##..##......##
####.###..#######+##..#
...........# ##
...........#
...........#
...........#
...........#
..##..##..##


You could see an ogre.

Vanquished Creatures
  The ghost of magog001 the Covered, an amateur HOFi of Nemelex Xobeh (D:3)
  Menkaure (D:5)
  A water moccasin skeleton (D:4)
  A vampire bat (D:4)
  2 crimson imps (D:5)
  2 orc priests (D:4)
  2 jellies (D:5)
  An orc wizard (D:5)
  An iguana (D:3)
  Ijyb (D:2)
  A worker ant (D:4)
  A worker ant zombie (D:5)
  A howler monkey skeleton (D:3)
  6 adders
  An ooze (D:4)
  2 worms (D:2)
  2 dart slugs
  3 fire bats (D:4)
  A giant gecko (D:1)
  12 orcs
  2 spectral bats (D:4)
  15 bats
  3 bat skeletons (D:4)
  A bat zombie (D:4)
  4 giant cockroaches
  8 hobgoblins
  6 jackals
  A ball python (D:2)
  A ball python zombie (D:3)
  A bat simulacrum (D:4)
  A giant gecko skeleton (D:3)
  A giant gecko zombie (D:3)
  3 giant newts
  3 goblins
  9 kobolds
  9 rats
111 creatures vanquished.

Notes
Turn   | Place    | Note
--------------------------------------------------------------
     0 | D:1      | magog001 the Hill Orc Fighter began the quest for the Orb.
     0 | D:1      | Reached XP level 1. HP: 19/19 MP: 1/1
   163 | D:1      | Reached XP level 2. HP: 27/27 MP: 2/2
   711 | D:2      | Reached XP level 3. HP: 33/33 MP: 3/3
   745 | D:2      | Found a faded altar to an unknown god.
  1468 | D:2      | Noticed Ijyb
  1497 | D:2      | Killed Ijyb
  1497 | D:2      | Reached XP level 4. HP: 37/40 MP: 4/4
  1643 | D:3      | Noticed magog001's ghost (amateur HOFi)
  2393 | D:2      | Gained mutation: You evolve. [potion of mutation]
  2393 | D:2      | Gained mutation: You tend to lose your temper in combat. [potion of mutation]
  2715 | D:3      | Reached XP level 5. HP: 41/47 MP: 5/5
  3310 | D:3      | HP: 2/47 [magog001's ghost (14)]
  3581 | D:2      | Gained mutation: Your mind is acute. (Int +2) [evolution]
  4342 | D:4      | Found an opulent altar of Gozag.
  4372 | D:4      | Reached XP level 6. HP: 53/53 MP: 6/6
  4399 | D:4      | Reached skill level 5 in Axes
  4410 | D:4      | Reached skill level 5 in Shields
  4859 | D:4      | Reached skill level 5 in Fighting
  4859 | D:4      | Reached XP level 7. HP: 61/61 MP: 7/7
  5297 | D:3      | Killed magog001's ghost
  5494 | D:5      | Entered Level 5 of the Dungeon
  5786 | D:5      | Reached skill level 5 in Armour
  5811 | D:5      | Noticed Menkaure
  5814 | D:5      | Killed Menkaure
  5814 | D:5      | Reached XP level 8. HP: 54/69 MP: 8/8
  5855 | D:5      | Found a sacrificial altar of Ru.
  5868 | D:5      | HP: 2/69 [ogre/giant club (25)]
  5869 | D:5      | Mangled by an ogre

Skill      XL: |  1  2  3  4  5  6  7 |
---------------+----------------------+-----
Axes           | 3 4 5 6 |  6.6
Fighting       | 4 5 |  5.5
Shields        | 4 5 6 |  6.9
Armour         | 4 5 |  5.2
Evocations     | |  0.2

Action                   |  1- 3 |  4- 6 |  7- 9 || total
-------------------------+-------+-------+-------++-------
Melee: War axe           |   110 |   249 |    98 ||   457
Evoke: Wand              |       |     4 |       ||     4
  Use: Scroll            |       |     8 |       ||     8
       Potion            |       |     6 |     1 ||     7
  Eat: Chunk             |     2 |     9 |     1 ||    12
       Meat ration       |       |     1 |       ||     1
       Beef jerky        |       |       |     2 ||     2
Armor: Scale mail        |    50 |    22 |       ||    72
       Plate armour      |       |   201 |    47 ||   248
Dodge: Dodged            |    19 |    27 |     6 ||    52
Block: Shield            |    12 |       |       ||    12
       Large shield      |    65 |   350 |    74 ||   489
